[ AOE2 MATCH · #482155097 ]
UnrankedItalians vs Hindustanis
[ REPLAY ANALYSIS · EXTRACTED FROM THE RECORDED GAME ]
Feudal
10:07
Castle
13:42
Imperial
28:28
| APM avg | 46.4 |
| APM peak | 128 |
| eAPM avg | 25.0 |
| Villagers / military | 173 / 82 |
Focus
⚔️ 28.1% · 🌾 71.9%
Genoese Crossbowman ×69 · Bombard Cannon ×6 · Monk ×4 · Trebuchet (Packed) ×3
Feudal
9:43
Castle
15:28
Imperial
32:47
| APM avg | 26.1 |
| APM peak | 53 |
| eAPM avg | 15.8 |
| Villagers / military | 131 / 68 |
Focus
⚔️ 16.7% · 🌾 83.3%
Camel Scout ×67 · Scout Cavalry ×1
Feudal
11:17
Castle
15:37
Imperial
31:34
| APM avg | 23.2 |
| APM peak | 44 |
| eAPM avg | 17.1 |
| Villagers / military | 123 / 118 |
Focus
⚔️ 32.5% · 🌾 67.5%
Archer ×112 · Trebuchet (Packed) ×6
Feudal
12:25
Castle
17:10
Imperial
—
| APM avg | 24.2 |
| APM peak | 54 |
| eAPM avg | 13.6 |
| Villagers / military | 104 / 57 |
Focus
⚔️ 25.4% · 🌾 74.6%
Tarkan ×57
Feudal
8:45
Castle
20:45
Imperial
—
| APM avg | 26.4 |
| APM peak | 52 |
| eAPM avg | 13.8 |
| Villagers / military | 114 / 74 |
Focus
⚔️ 37.9% · 🌾 62.1%
Spearman ×59 · Unknown (1944) ×21 · Unknown (1949) ×19 · Scout Cavalry ×15
Feudal
11:24
Castle
15:10
Imperial
30:47
| APM avg | 26.6 |
| APM peak | 75 |
| eAPM avg | 15.7 |
| Villagers / military | 140 / 125 |
Focus
⚔️ 17.8% · 🌾 82.2%
Knight ×83 · Archer ×15 · Skirmisher ×15 · Spearman ×7 · Monk ×4 · Trebuchet (Packed) ×1
Feudal
11:05
Castle
14:41
Imperial
30:36
| APM avg | 30.7 |
| APM peak | 66 |
| eAPM avg | 20.4 |
| Villagers / military | 193 / 120 |
Focus
⚔️ 30.7% · 🌾 69.3%
Steppe Lancer ×115 · Trebuchet (Packed) ×3 · Iron Pagoda ×2 · Unknown (1908) ×2
Feudal
12:22
Castle
19:20
Imperial
34:38
| APM avg | 15.9 |
| APM peak | 40 |
| eAPM avg | 11.6 |
| Villagers / military | 117 / 47 |
Focus
⚔️ 15.3% · 🌾 84.7%
Spearman ×30 · Militia ×10 · Genoese Crossbowman ×7
Match map
Initial resources + every placement click. Lines = walls · curves = elevation contours. ◆ gold · ⬟ stone · ● berries · ✦ relic · ◌ wall gap
Your base· ✓ Closed at 13:42 · 0t walls · 3 gate(s)
Yaki_Sama's base· ✓ Closed at 15:28 · 0t walls · 3 gate(s)
sada-aki's base· ✓ Closed at 15:37 · 0t walls · 2 gate(s)
Hanzani's base· ✓ Closed at 17:10 · 0t walls · 2 gate(s)
Wajardo's base· ✓ Closed at 20:45 · 0t walls · 3 gate(s)
ragnksaefh's base· ✓ Closed at 15:10 · 0t walls · 3 gate(s)
你他妈喝过百事可乐吗's base· ✓ Closed at 14:41 · 0t walls · 2 gate(s)
thefrots1314's base· ✓ Closed at 19:20 · 0t walls · 2 gate(s)
Smoothed initial terrain · ◌ = detected wall gap · hover for details
Inputs per minute
— 杀手皇后 - - Yaki_Sama
Build order — 杀手皇后
First 150 of 411 actions detected
| 0:00 | Queue | Villager (Male) |
| 0:01 | Queue | Villager (Male) |
| 0:01 | Queue | Villager (Male) |
| 0:04 | Build | House |
| 0:06 | Build | House |
| 0:22 | Queue | Villager (Male) |
| 1:37 | Queue | Villager (Male) |
| 1:40 | Queue | Villager (Male) |
| 1:47 | Build | Lumber Camp |
| 2:28 | Queue | Villager (Male) |
| 2:35 | Queue | Villager (Male) |
| 3:05 | Build | House |
| 3:06 | Build | House |
| 3:13 | Queue | Villager (Male) |
| 3:15 | Queue | Villager (Male) |
| 3:54 | Queue | Villager (Male) |
| 3:54 | Queue | Villager (Male) |
| 4:21 | Queue | Villager (Male) |
| 4:41 | Build | Mill |
| 4:54 | Queue | Villager (Male) |
| 5:25 | Queue | Villager (Male) |
| 5:25 | Queue | Villager (Male) |
| 5:32 | Queue | Villager (Male) |
| 5:32 | Queue | Villager (Male) |
| 5:50 | Queue | Villager (Male) |
| 6:05 | Queue | Villager (Male) |
| 6:22 | Queue | Villager (Male) |
| 7:13 | Research | Feudal Age |
| 8:26 | Queue | Villager (Male) |
| 8:27 | Queue | Villager (Male) |
| 10:07 | Age | Feudal Age |
| 10:10 | Build | Market |
| 10:15 | Build | Blacksmith |
| 10:26 | Research | Double-Bit Axe |
| 11:02 | Research | Castle Age |
| 11:11 | Build | House |
| 11:21 | Research | Horse Collar |
| 11:40 | Build | Farm |
| 11:43 | Build | Farm |
| 11:58 | Build | Farm |
| 12:03 | Queue | Villager (Male) |
| 12:08 | Build | Farm |
| 13:05 | Queue | Villager (Male) |
| 13:42 | Age | Castle Age |
| 13:51 | Build | Town Center |
| 13:57 | Build | Town Center |
| 14:00 | Queue | Villager (Male) |
| 14:04 | Queue | Villager (Male) |
| 14:14 | Build | Farm |
| 14:19 | Build | Farm |
| 14:23 | Build | House |
| 14:27 | Build | Farm |
| 14:44 | Queue | Villager (Male) |
| 14:48 | Build | Farm |
| 15:13 | Queue | Villager (Male) |
| 15:20 | Queue | Villager (Male) |
| 15:21 | Build | Farm |
| 15:25 | Queue | Villager (Male) |
| 15:30 | Queue | Villager (Male) |
| 15:35 | Build | Farm |
| 15:38 | Queue | Villager (Male) |
| 15:40 | Queue | Villager (Male) |
| 15:43 | Queue | Villager (Male) |
| 15:46 | Build | Farm |
| 15:49 | Build | Farm |
| 15:54 | Queue | Villager (Male) |
| 15:57 | Build | Farm |
| 16:03 | Build | House |
| 16:04 | Queue | Villager (Male) |
| 16:18 | Queue | Villager (Male) |
| 16:21 | Build | Farm |
| 16:25 | Build | House |
| 16:30 | Build | Farm |
| 16:34 | Build | Farm |
| 16:34 | Queue | Villager (Male) |
| 16:42 | Queue | Villager (Male) |
| 16:42 | Queue | Villager (Male) |
| 16:46 | Build | Farm |
| 16:57 | Queue | Villager (Male) |
| 17:02 | Build | House |
| 17:04 | Queue | Villager (Male) |
| 17:04 | Queue | Villager (Male) |
| 17:07 | Build | Farm |
| 17:13 | Queue | Villager (Male) |
| 17:13 | Queue | Villager (Male) |
| 17:23 | Queue | Villager (Male) |
| 17:23 | Queue | Villager (Male) |
| 17:30 | Build | House |
| 17:42 | Build | Town Center |
| 17:45 | Queue | Villager (Male) |
| 17:46 | Queue | Villager (Male) |
| 17:46 | Queue | Villager (Male) |
| 17:46 | Queue | Villager (Male) |
| 17:48 | Build | Farm |
| 17:50 | Queue | Villager (Male) |
| 17:50 | Queue | Villager (Male) |
| 17:54 | Build | Farm |
| 17:55 | Build | Farm |
| 18:05 | Build | Farm |
| 18:06 | Queue | Villager (Male) |
| 18:10 | Build | House |
| 18:11 | Queue | Villager (Male) |
| 18:17 | Queue | Villager (Male) |
| 18:23 | Build | Farm |
| 18:27 | Queue | Villager (Male) |
| 18:36 | Queue | Villager (Male) |
| 18:37 | Queue | Villager (Male) |
| 18:40 | Build | Farm |
| 18:45 | Build | House |
| 18:46 | Queue | Villager (Male) |
| 18:49 | Queue | Villager (Male) |
| 18:51 | Build | Farm |
| 18:57 | Build | Farm |
| 19:02 | Queue | Villager (Male) |
| 19:06 | Queue | Villager (Male) |
| 19:06 | Queue | Villager (Male) |
| 19:09 | Build | Farm |
| 19:10 | Build | Farm |
| 19:13 | Queue | Villager (Male) |
| 19:15 | Queue | Villager (Male) |
| 19:16 | Queue | Villager (Male) |
| 19:18 | Build | Farm |
| 19:24 | Build | House |
| 19:25 | Build | House |
| 19:27 | Queue | Villager (Male) |
| 19:34 | Queue | Villager (Male) |
| 19:35 | Queue | Villager (Male) |
| 19:36 | Build | Farm |
| 19:41 | Queue | Villager (Male) |
| 19:44 | Build | Farm |
| 19:46 | Queue | Villager (Male) |
| 19:50 | Queue | Villager (Male) |
| 19:55 | Build | House |
| 19:56 | Queue | Villager (Male) |
| 20:04 | Queue | Villager (Male) |
| 20:10 | Queue | Villager (Male) |
| 20:14 | Build | Farm |
| 20:16 | Queue | Villager (Male) |
| 20:18 | Queue | Villager (Male) |
| 20:27 | Build | University |
| 20:29 | Queue | Villager (Male) |
| 20:33 | Queue | Villager (Male) |
| 20:34 | Queue | Villager (Male) |
| 20:44 | Build | Mining Camp |
| 20:44 | Queue | Villager (Male) |
| 20:47 | Build | House |
| 20:49 | Build | House |
| 20:49 | Queue | Villager (Male) |
| 20:54 | Queue | Villager (Male) |
| 20:56 | Queue | Villager (Male) |
Build order — Yaki_Sama
First 150 of 319 actions detected
| 0:01 | Queue | Villager (Male) |
| 0:03 | Build | House |
| 0:04 | Build | House |
| 0:09 | Queue | Villager (Male) |
| 0:19 | Queue | Villager (Male) |
| 0:19 | Queue | Villager (Male) |
| 1:14 | Queue | Villager (Male) |
| 1:14 | Queue | Villager (Male) |
| 1:32 | Queue | Villager (Male) |
| 1:52 | Build | Lumber Camp |
| 2:02 | Queue | Villager (Male) |
| 2:17 | Queue | Villager (Male) |
| 2:17 | Queue | Villager (Male) |
| 3:05 | Queue | Villager (Male) |
| 3:06 | Queue | Villager (Male) |
| 3:50 | Build | House |
| 4:04 | Queue | Villager (Male) |
| 4:09 | Queue | Villager (Male) |
| 4:09 | Queue | Villager (Male) |
| 4:15 | Build | Mill |
| 4:55 | Queue | Villager (Male) |
| 4:55 | Queue | Villager (Male) |
| 4:55 | Queue | Villager (Male) |
| 5:35 | Build | House |
| 6:17 | Queue | Villager (Male) |
| 6:17 | Queue | Villager (Male) |
| 6:23 | Build | Lumber Camp |
| 7:00 | Queue | Villager (Male) |
| 7:34 | Research | Feudal Age |
| 7:34 | Research | Feudal Age |
| 9:02 | Build | Mill |
| 9:18 | Build | Mill |
| 9:24 | Queue | Villager (Male) |
| 9:24 | Queue | Villager (Male) |
| 9:25 | Queue | Villager (Male) |
| 9:43 | Age | Feudal Age |
| 9:44 | Build | Market |
| 9:56 | Build | Blacksmith |
| 10:11 | Build | Mining Camp |
| 10:36 | Build | House |
| 11:00 | Queue | Villager (Male) |
| 11:23 | Queue | Villager (Male) |
| 11:28 | Build | Mining Camp |
| 11:30 | Build | House |
| 11:50 | Queue | Villager (Male) |
| 12:48 | Research | Castle Age |
| 12:49 | Research | Castle Age |
| 13:31 | Research | Scale Mail Armor |
| 13:33 | Research | Forging |
| 13:33 | Research | Forging |
| 14:01 | Research | Double-Bit Axe |
| 14:02 | Research | Double-Bit Axe |
| 14:32 | Research | Horse Collar |
| 14:32 | Research | Horse Collar |
| 14:35 | Build | Farm |
| 14:36 | Build | Farm |
| 15:12 | Build | Farm |
| 15:14 | Build | Farm |
| 15:22 | Build | Farm |
| 15:28 | Age | Castle Age |
| 15:37 | Queue | Villager (Male) |
| 15:39 | Build | Farm |
| 15:50 | Build | Castle |
| 16:23 | Build | Stone Wall |
| 16:25 | Build | Palisade Wall |
| 16:27 | Build | Palisade Wall |
| 16:40 | Queue | Villager (Male) |
| 16:41 | Build | Farm |
| 16:42 | Build | Farm |
| 16:59 | Research | Loom |
| 16:59 | Research | Loom |
| 17:28 | Research | Heavy Plow |
| 17:37 | Build | Town Center |
| 17:40 | Queue | Villager (Male) |
| 17:45 | Build | Farm |
| 18:09 | Queue | Villager (Male) |
| 18:28 | Build | Farm |
| 18:31 | Queue | Villager (Male) |
| 18:54 | Queue | Villager (Male) |
| 18:56 | Research | Bow Saw |
| 19:11 | Build | Farm |
| 19:12 | Build | Farm |
| 19:13 | Queue | Villager (Male) |
| 19:13 | Queue | Villager (Male) |
| 19:25 | Queue | Villager (Male) |
| 19:33 | Build | Farm |
| 19:42 | Build | Farm |
| 19:46 | Queue | Villager (Male) |
| 19:49 | Queue | Villager (Male) |
| 19:49 | Queue | Villager (Male) |
| 19:57 | Build | Farm |
| 20:06 | Queue | Villager (Male) |
| 20:09 | Queue | Villager (Male) |
| 20:31 | Build | Town Center |
| 20:33 | Queue | Villager (Male) |
| 20:36 | Queue | Villager (Male) |
| 21:04 | Queue | Villager (Male) |
| 21:06 | Queue | Villager (Male) |
| 21:19 | Build | Farm |
| 21:22 | Queue | Villager (Male) |
| 21:23 | Queue | Villager (Male) |
| 21:34 | Research | Stone Mining |
| 21:39 | Research | Gold Mining |
| 21:39 | Research | Gold Mining |
| 21:47 | Queue | Villager (Male) |
| 21:47 | Queue | Villager (Male) |
| 21:52 | Build | Farm |
| 21:54 | Queue | Villager (Male) |
| 21:57 | Queue | Villager (Male) |
| 21:57 | Queue | Villager (Male) |
| 22:10 | Build | Town Center |
| 22:18 | Queue | Villager (Male) |
| 22:24 | Queue | Villager (Male) |
| 22:24 | Queue | Villager (Male) |
| 22:30 | Build | House |
| 22:31 | Build | House |
| 22:38 | Queue | Villager (Male) |
| 22:38 | Queue | Villager (Male) |
| 22:49 | Queue | Villager (Male) |
| 22:49 | Queue | Villager (Male) |
| 23:02 | Research | Gold Shaft Mining |
| 23:02 | Research | Gold Shaft Mining |
| 23:11 | Build | Farm |
| 23:12 | Build | Farm |
| 23:13 | Build | Farm |
| 23:15 | Build | Farm |
| 23:17 | Queue | Villager (Male) |
| 23:21 | Queue | Villager (Male) |
| 23:31 | Queue | Villager (Male) |
| 23:31 | Queue | Villager (Male) |
| 23:47 | Queue | Villager (Male) |
| 23:47 | Queue | Villager (Male) |
| 23:49 | Queue | Villager (Male) |
| 23:55 | Build | Barracks |
| 24:04 | Research | Wheelbarrow |
| 24:05 | Research | Wheelbarrow |
| 24:12 | Queue | Villager (Male) |
| 24:12 | Queue | Villager (Male) |
| 24:23 | Queue | Villager (Male) |
| 24:27 | Queue | Villager (Male) |
| 24:28 | Queue | Villager (Male) |
| 24:35 | Build | Farm |
| 24:36 | Build | Farm |
| 24:36 | Build | Farm |
| 24:40 | Build | Farm |
| 24:44 | Queue | Villager (Male) |
| 24:44 | Queue | Villager (Male) |
| 24:45 | Queue | Villager (Male) |
| 24:53 | Queue | Villager (Male) |
| 24:54 | Queue | Villager (Male) |
Build order — sada-aki
First 150 of 371 actions detected
| 0:02 | Queue | Villager (Male) ×4 |
| 0:11 | Build | House |
| 0:15 | Build | House |
| 0:15 | Build | House |
| 1:26 | Build | Lumber Camp |
| 1:36 | Queue | Villager (Male) |
| 2:19 | Queue | Villager (Male) |
| 2:42 | Queue | Villager (Male) |
| 3:05 | Queue | Villager (Male) |
| 3:24 | Queue | Villager (Male) |
| 3:55 | Queue | Villager (Male) |
| 4:17 | Queue | Villager (Male) ×2 |
| 4:32 | Build | Mining Camp |
| 4:47 | Queue | Villager (Male) |
| 5:02 | Queue | Villager (Male) |
| 5:21 | Queue | Villager (Male) |
| 5:49 | Build | House |
| 5:50 | Build | House |
| 5:51 | Build | House |
| 6:37 | Queue | Villager (Male) ×5 |
| 6:50 | Queue | Villager (Male) |
| 8:18 | Research | Loom |
| 8:26 | Build | Mill |
| 8:41 | Research | Feudal Age |
| 10:13 | Build | Farm |
| 10:15 | Build | Farm |
| 10:17 | Queue | Villager (Male) |
| 10:17 | Queue | Villager (Male) |
| 10:17 | Queue | Villager (Male) |
| 10:17 | Queue | Villager (Male) |
| 11:17 | Age | Feudal Age |
| 11:20 | Research | Double-Bit Axe |
| 11:24 | Build | Market |
| 11:26 | Build | Blacksmith |
| 12:36 | Build | House |
| 12:38 | Build | House |
| 12:49 | Research | Castle Age |
| 13:09 | Research | Horse Collar |
| 13:09 | Research | Horse Collar |
| 13:36 | Build | Farm |
| 13:37 | Build | Farm |
| 13:45 | Build | Farm |
| 13:48 | Build | Farm |
| 13:58 | Build | Farm |
| 14:05 | Build | Farm |
| 15:05 | Build | Farm |
| 15:23 | Build | Farm |
| 15:26 | Queue | Villager (Male) |
| 15:26 | Queue | Villager (Male) |
| 15:26 | Queue | Villager (Male) |
| 15:37 | Age | Castle Age |
| 15:39 | Build | Town Center |
| 15:43 | Research | Bow Saw |
| 15:44 | Research | Bow Saw |
| 16:09 | Build | Farm |
| 16:23 | Build | Barracks |
| 16:31 | Build | Farm |
| 16:54 | Queue | Villager (Male) |
| 16:54 | Queue | Villager (Male) |
| 16:55 | Queue | Villager (Male) |
| 16:55 | Queue | Villager (Male) |
| 16:59 | Build | Farm |
| 17:34 | Build | Town Center |
| 17:48 | Queue | Villager (Male) |
| 17:48 | Queue | Villager (Male) |
| 17:49 | Queue | Villager (Male) |
| 17:49 | Queue | Villager (Male) |
| 17:51 | Build | Farm |
| 18:17 | Build | Farm |
| 18:25 | Queue | Villager (Male) |
| 18:25 | Queue | Villager (Male) |
| 18:26 | Queue | Villager (Male) |
| 18:26 | Queue | Villager (Male) |
| 18:44 | Build | Farm |
| 18:49 | Queue | Villager (Male) |
| 18:49 | Queue | Villager (Male) |
| 19:06 | Build | House |
| 19:07 | Build | House |
| 19:08 | Build | House |
| 19:13 | Build | Town Center |
| 19:15 | Queue | Villager (Male) |
| 19:15 | Queue | Villager (Male) |
| 19:16 | Queue | Villager (Male) |
| 19:16 | Queue | Villager (Male) |
| 19:16 | Queue | Villager (Male) |
| 19:16 | Queue | Villager (Male) |
| 19:25 | Build | Farm |
| 19:37 | Build | Farm |
| 19:46 | Build | Farm |
| 19:49 | Queue | Villager (Male) |
| 19:49 | Queue | Villager (Male) |
| 19:50 | Queue | Villager (Male) |
| 20:08 | Build | Farm |
| 20:27 | Build | Town Center |
| 20:28 | Queue | Villager (Male) |
| 20:29 | Queue | Villager (Male) |
| 20:32 | Queue | Villager (Male) |
| 20:32 | Queue | Villager (Male) |
| 20:33 | Queue | Villager (Male) |
| 20:36 | Build | Farm |
| 20:46 | Build | House |
| 20:47 | Build | House |
| 20:59 | Queue | Villager (Male) |
| 21:00 | Queue | Villager (Male) |
| 21:01 | Queue | Villager (Male) |
| 21:02 | Queue | Villager (Male) |
| 21:07 | Build | Farm |
| 21:17 | Build | House |
| 21:28 | Build | Farm |
| 21:42 | Build | Town Center |
| 21:43 | Queue | Villager (Male) |
| 21:46 | Queue | Villager (Male) |
| 21:46 | Queue | Villager (Male) |
| 21:47 | Queue | Villager (Male) |
| 21:47 | Queue | Villager (Male) |
| 21:55 | Build | House |
| 21:56 | Build | House |
| 22:03 | Build | Farm |
| 22:11 | Build | Farm |
| 22:15 | Build | Farm |
| 22:17 | Build | Farm |
| 22:18 | Build | Farm |
| 22:23 | Build | Mill |
| 22:26 | Queue | Villager (Male) |
| 22:26 | Queue | Villager (Male) |
| 22:26 | Queue | Villager (Male) |
| 22:27 | Queue | Villager (Male) |
| 22:27 | Queue | Villager (Male) |
| 22:34 | Build | Mining Camp |
| 22:37 | Build | House |
| 22:38 | Build | House |
| 22:51 | Queue | Villager (Male) |
| 22:51 | Queue | Villager (Male) |
| 22:51 | Queue | Villager (Male) |
| 22:52 | Queue | Villager (Male) |
| 22:54 | Queue | Villager (Male) |
| 22:57 | Build | Farm |
| 23:04 | Build | Town Center |
| 23:06 | Queue | Villager (Male) |
| 23:13 | Build | Farm |
| 23:17 | Build | Farm |
| 23:27 | Build | Farm |
| 23:29 | Queue | Villager (Male) |
| 23:30 | Queue | Villager (Male) |
| 23:30 | Queue | Villager (Male) |
| 23:30 | Queue | Villager (Male) |
| 23:31 | Queue | Villager (Male) |
| 23:32 | Queue | Villager (Male) |
| 23:35 | Build | Farm |
| 23:48 | Research | Stone Mining |
Build order — Hanzani
First 150 of 246 actions detected
| 0:01 | Queue | Villager (Male) |
| 0:01 | Queue | Villager (Male) |
| 0:02 | Queue | Villager (Male) |
| 0:03 | Queue | Villager (Male) |
| 1:20 | Queue | Villager (Male) |
| 1:21 | Queue | Villager (Male) |
| 1:49 | Build | Lumber Camp |
| 1:53 | Queue | Villager (Male) |
| 2:12 | Queue | Villager (Male) |
| 2:58 | Queue | Villager (Male) |
| 2:58 | Queue | Villager (Male) |
| 3:24 | Queue | Villager (Male) |
| 3:24 | Queue | Villager (Male) |
| 3:55 | Queue | Villager (Male) |
| 3:55 | Queue | Villager (Male) |
| 4:19 | Queue | Villager (Male) |
| 4:25 | Build | Mill |
| 4:43 | Queue | Villager (Male) |
| 4:59 | Queue | Villager (Male) |
| 5:25 | Queue | Villager (Male) |
| 5:25 | Queue | Villager (Male) |
| 6:30 | Queue | Villager (Male) |
| 6:30 | Queue | Villager (Male) |
| 6:30 | Queue | Villager (Male) |
| 6:53 | Queue | Villager (Male) |
| 6:54 | Queue | Villager (Male) |
| 6:54 | Queue | Villager (Male) |
| 7:07 | Queue | Villager (Male) |
| 7:07 | Queue | Villager (Male) |
| 7:07 | Queue | Villager (Male) |
| 7:26 | Build | Mining Camp |
| 7:31 | Queue | Villager (Male) |
| 7:31 | Queue | Villager (Male) |
| 7:31 | Queue | Villager (Male) |
| 8:50 | Queue | Villager (Male) |
| 9:35 | Build | Mining Camp |
| 9:57 | Research | Feudal Age |
| 9:59 | Queue | Villager (Male) |
| 9:59 | Queue | Villager (Male) |
| 9:59 | Queue | Villager (Male) |
| 9:59 | Queue | Villager (Male) |
| 10:00 | Queue | Villager (Male) |
| 10:21 | Build | Farm |
| 10:23 | Build | Farm |
| 10:26 | Build | Farm |
| 10:44 | Build | Farm |
| 10:51 | Build | Farm |
| 10:56 | Build | Farm |
| 11:02 | Build | Farm |
| 12:25 | Age | Feudal Age |
| 12:32 | Build | Market |
| 13:03 | Build | Blacksmith |
| 13:52 | Research | Double-Bit Axe |
| 14:21 | Research | Castle Age |
| 14:28 | Build | Barracks |
| 14:39 | Research | Scale Barding Armor |
| 15:03 | Research | Forging |
| 15:24 | Research | Horse Collar |
| 15:32 | Build | Stable |
| 15:49 | Build | Farm |
| 16:19 | Build | Farm |
| 16:34 | Research | Bloodlines |
| 16:45 | Build | Farm |
| 16:54 | Build | Farm |
| 17:10 | Age | Castle Age |
| 17:23 | Build | Farm |
| 17:24 | Build | Farm |
| 17:31 | Research | Iron Casting |
| 17:36 | Build | Castle |
| 17:48 | Build | Farm |
| 18:36 | Research | Chain Barding Armor |
| 19:13 | Queue | Tarkan |
| 19:13 | Queue | Tarkan |
| 19:14 | Queue | Tarkan |
| 19:18 | Build | Farm |
| 19:19 | Build | Farm |
| 19:21 | Build | Farm |
| 19:23 | Build | Farm |
| 19:31 | Queue | Villager (Male) |
| 19:46 | Queue | Tarkan |
| 19:55 | Queue | Tarkan |
| 20:10 | Queue | Tarkan |
| 20:14 | Queue | Villager (Male) |
| 20:25 | Queue | Tarkan |
| 20:40 | Queue | Tarkan |
| 20:54 | Queue | Villager (Male) |
| 21:06 | Queue | Tarkan |
| 21:15 | Queue | Villager (Male) |
| 21:18 | Queue | Tarkan |
| 21:37 | Queue | Tarkan |
| 21:45 | Queue | Tarkan |
| 21:50 | Build | Farm |
| 22:04 | Queue | Tarkan |
| 22:15 | Queue | Villager (Male) |
| 22:18 | Build | Farm |
| 22:20 | Queue | Tarkan |
| 22:38 | Queue | Tarkan |
| 22:44 | Queue | Villager (Male) |
| 22:54 | Queue | Tarkan |
| 23:02 | Queue | Villager (Male) |
| 23:16 | Queue | Tarkan |
| 23:28 | Queue | Tarkan |
| 23:39 | Queue | Tarkan |
| 23:46 | Queue | Tarkan |
| 24:06 | Queue | Tarkan |
| 24:06 | Queue | Tarkan |
| 24:19 | Queue | Tarkan |
| 24:20 | Queue | Villager (Male) |
| 24:25 | Build | Town Center |
| 24:39 | Queue | Tarkan |
| 24:42 | Queue | Villager (Male) |
| 24:46 | Queue | Tarkan |
| 24:58 | Queue | Tarkan |
| 25:21 | Queue | Tarkan |
| 25:49 | Queue | Tarkan |
| 26:06 | Queue | Tarkan |
| 26:08 | Queue | Villager (Male) |
| 26:08 | Queue | Villager (Male) |
| 26:12 | Build | Farm |
| 26:12 | Build | Farm |
| 26:12 | Build | Farm |
| 26:13 | Build | Farm |
| 26:13 | Build | Farm |
| 26:13 | Build | Farm |
| 26:14 | Build | Farm |
| 26:19 | Queue | Tarkan |
| 26:19 | Queue | Tarkan |
| 26:27 | Queue | Tarkan |
| 26:44 | Queue | Tarkan |
| 26:45 | Queue | Villager (Male) |
| 26:45 | Queue | Villager (Male) |
| 26:50 | Build | Farm |
| 27:08 | Queue | Tarkan |
| 27:32 | Queue | Tarkan |
| 27:32 | Queue | Villager (Male) |
| 27:33 | Queue | Villager (Male) |
| 27:33 | Queue | Villager (Male) |
| 27:36 | Build | Farm |
| 27:38 | Build | Farm |
| 27:40 | Queue | Tarkan |
| 27:41 | Queue | Villager (Male) |
| 28:38 | Queue | Tarkan |
| 28:38 | Queue | Tarkan |
| 28:39 | Queue | Villager (Male) |
| 28:39 | Queue | Villager (Male) |
| 28:40 | Queue | Villager (Male) |
| 28:48 | Build | Mill |
| 28:49 | Build | Farm |
| 28:52 | Build | Farm |
| 28:58 | Queue | Villager (Male) |
Build order — Wajardo
First 150 of 240 actions detected
| 0:02 | Queue | Villager (Male) ×4 |
| 0:04 | Build | House |
| 0:06 | Build | House |
| 1:24 | Queue | Villager (Male) |
| 1:25 | Queue | Villager (Male) |
| 2:06 | Queue | Villager (Male) |
| 2:06 | Queue | Villager (Male) |
| 2:21 | Build | Lumber Camp |
| 2:34 | Queue | Villager (Male) |
| 2:34 | Queue | Villager (Male) |
| 2:34 | Queue | Villager (Male) |
| 3:18 | Queue | Villager (Male) |
| 3:32 | Build | House |
| 3:56 | Queue | Villager (Male) |
| 3:56 | Queue | Villager (Male) |
| 3:56 | Queue | Villager (Male) |
| 4:12 | Queue | Villager (Male) |
| 4:12 | Queue | Villager (Male) |
| 4:28 | Queue | Villager (Male) |
| 4:46 | Queue | Villager (Male) |
| 5:16 | Build | Mill |
| 6:04 | Queue | Villager (Male) |
| 6:35 | Research | Feudal Age |
| 7:47 | Queue | Villager (Male) |
| 8:06 | Build | House |
| 8:19 | Queue | Villager (Male) |
| 8:39 | Build | Barracks |
| 8:45 | Age | Feudal Age |
| 8:50 | Research | Double-Bit Axe |
| 8:53 | Research | Horse Collar |
| 9:06 | Queue | Villager (Male) |
| 9:19 | Build | House |
| 9:36 | Build | Stable |
| 9:43 | Queue | Villager (Male) |
| 9:56 | Queue | Villager (Male) |
| 10:16 | Build | House |
| 10:48 | Queue | Villager (Male) |
| 10:55 | Build | Farm |
| 11:03 | Build | Farm |
| 11:04 | Queue | Scout Cavalry ×5 |
| 11:19 | Build | House |
| 11:23 | Build | Farm |
| 11:27 | Build | Farm |
| 11:30 | Build | Farm |
| 11:33 | Build | Farm |
| 11:34 | Queue | Villager (Male) |
| 11:41 | Build | Farm |
| 11:53 | Queue | Villager (Male) |
| 12:00 | Build | House |
| 12:01 | Build | House |
| 12:08 | Build | House |
| 12:18 | Queue | Villager (Male) |
| 12:31 | Build | Farm |
| 12:35 | Build | Farm |
| 12:37 | Queue | Villager (Male) |
| 12:39 | Build | Farm |
| 12:48 | Build | Farm |
| 12:51 | Build | Farm |
| 12:53 | Build | Farm |
| 13:03 | Build | Farm |
| 13:10 | Build | Mining Camp |
| 13:17 | Queue | Villager (Male) |
| 13:18 | Queue | Villager (Male) |
| 13:23 | Build | Farm |
| 13:28 | Queue | Scout Cavalry |
| 13:56 | Research | Wheelbarrow |
| 15:27 | Queue | Villager (Male) |
| 16:18 | Queue | Scout Cavalry |
| 16:21 | Queue | Villager (Male) |
| 16:21 | Queue | Villager (Male) |
| 16:37 | Queue | Scout Cavalry |
| 16:47 | Queue | Villager (Male) |
| 16:48 | Queue | Scout Cavalry |
| 17:10 | Queue | Scout Cavalry |
| 17:21 | Research | Bloodlines |
| 17:30 | Queue | Villager (Male) |
| 17:32 | Build | Blacksmith |
| 18:05 | Research | Castle Age |
| 18:11 | Build | Stable |
| 18:17 | Build | Farm |
| 18:18 | Build | Farm |
| 18:18 | Build | Farm |
| 18:18 | Build | Farm |
| 18:20 | Build | Farm |
| 18:20 | Build | Farm |
| 18:30 | Queue | Villager (Male) |
| 18:32 | Queue | Scout Cavalry |
| 18:32 | Research | Bloodlines |
| 19:04 | Queue | Scout Cavalry |
| 19:04 | Queue | Scout Cavalry |
| 19:09 | Build | House |
| 19:11 | Build | House |
| 19:18 | Build | House |
| 19:18 | Build | House |
| 19:20 | Build | House |
| 20:00 | Queue | Scout Cavalry |
| 20:00 | Queue | Scout Cavalry |
| 20:03 | Research | Scale Barding Armor |
| 20:03 | Research | Forging |
| 20:45 | Age | Castle Age |
| 20:50 | Research | Light Cavalry (upgrade) |
| 21:04 | Research | Chain Barding Armor |
| 21:12 | Queue | Villager (Male) ×5 |
| 21:48 | Queue | Villager (Male) |
| 21:52 | Build | Town Center |
| 22:02 | Research | Bow Saw |
| 22:03 | Research | Heavy Plow |
| 22:05 | Queue | Villager (Male) |
| 22:09 | Build | Town Center |
| 22:15 | Queue | Villager (Male) |
| 22:15 | Queue | Villager (Male) |
| 22:17 | Build | House |
| 22:18 | Build | House |
| 22:18 | Build | House |
| 22:19 | Build | House |
| 22:21 | Build | House |
| 22:22 | Build | House |
| 22:24 | Queue | Unit 1944 |
| 22:25 | Queue | Unit 1944 |
| 22:51 | Build | Barracks |
| 22:56 | Research | Pikeman (upgrade) |
| 22:56 | Queue | Spearman ×3 |
| 23:29 | Build | House |
| 23:32 | Build | House |
| 23:33 | Queue | Spearman ×3 |
| 23:47 | Build | Barracks |
| 23:56 | Build | House |
| 24:09 | Queue | Spearman ×5 |
| 24:20 | Queue | Spearman ×5 |
| 24:28 | Queue | Villager (Male) ×5 |
| 24:32 | Build | Farm |
| 24:32 | Build | Farm |
| 24:35 | Research | Scale Mail Armor |
| 24:53 | Build | Farm |
| 24:55 | Build | Farm |
| 25:14 | Build | Farm |
| 25:28 | Queue | Spearman ×5 |
| 25:36 | Queue | Spearman ×3 |
| 25:55 | Build | Farm |
| 25:55 | Build | Farm |
| 26:00 | Queue | Villager (Male) ×2 |
| 26:18 | Build | Gate |
| 26:32 | Queue | Villager (Male) |
| 27:21 | Queue | Villager (Male) ×5 |
| 27:27 | Build | Town Center |
| 27:31 | Queue | Villager (Male) ×5 |
| 27:38 | Queue | Unit 1944 ×2 |
| 28:27 | Queue | Unit 1944 |
| 28:45 | Queue | Villager (Male) ×5 |
| 28:51 | Build | Mining Camp |
Build order — ragnksaefh
First 150 of 348 actions detected
| 0:01 | Queue | Villager (Male) |
| 0:01 | Queue | Villager (Male) |
| 0:01 | Queue | Villager (Male) |
| 0:03 | Build | House |
| 0:04 | Build | House |
| 0:05 | Queue | Villager (Male) |
| 0:08 | Queue | Villager (Male) |
| 0:08 | Queue | Villager (Male) |
| 1:22 | Queue | Villager (Male) |
| 1:22 | Queue | Villager (Male) |
| 1:22 | Queue | Villager (Male) |
| 2:01 | Queue | Villager (Male) |
| 2:01 | Queue | Villager (Male) |
| 2:01 | Queue | Villager (Male) |
| 2:17 | Queue | Villager (Male) |
| 2:18 | Queue | Villager (Male) |
| 2:18 | Queue | Villager (Male) |
| 2:24 | Build | Lumber Camp |
| 2:55 | Queue | Villager (Male) |
| 2:55 | Queue | Villager (Male) |
| 2:56 | Queue | Villager (Male) |
| 2:56 | Queue | Villager (Male) |
| 3:31 | Queue | Villager (Male) |
| 3:31 | Queue | Villager (Male) |
| 3:32 | Queue | Villager (Male) |
| 3:53 | Queue | Villager (Male) |
| 3:54 | Queue | Villager (Male) |
| 4:00 | Build | House |
| 4:01 | Build | House |
| 4:02 | Build | House |
| 4:10 | Queue | Villager (Male) |
| 4:10 | Queue | Villager (Male) |
| 4:10 | Queue | Villager (Male) |
| 4:10 | Queue | Villager (Male) |
| 4:53 | Build | Mill |
| 4:55 | Queue | Villager (Male) |
| 4:55 | Queue | Villager (Male) |
| 4:56 | Queue | Villager (Male) |
| 5:55 | Queue | Villager (Male) |
| 5:55 | Queue | Villager (Male) |
| 5:55 | Queue | Villager (Male) |
| 5:56 | Queue | Villager (Male) |
| 6:59 | Queue | Villager (Male) |
| 7:00 | Queue | Villager (Male) |
| 7:20 | Queue | Villager (Male) |
| 8:01 | Queue | Villager (Male) |
| 8:21 | Queue | Villager (Male) |
| 8:54 | Queue | Villager (Male) |
| 9:02 | Build | Mining Camp |
| 9:20 | Research | Feudal Age |
| 9:53 | Queue | Villager (Male) |
| 9:53 | Queue | Villager (Male) |
| 10:13 | Build | Farm |
| 10:14 | Build | Farm |
| 10:25 | Build | Farm |
| 10:29 | Build | Farm |
| 10:32 | Build | Farm |
| 10:43 | Build | Farm |
| 10:46 | Build | Farm |
| 11:06 | Build | Barracks |
| 11:14 | Queue | Villager (Male) |
| 11:24 | Age | Feudal Age |
| 11:52 | Build | Stable |
| 12:06 | Build | Blacksmith |
| 12:45 | Research | Castle Age |
| 12:45 | Research | Castle Age |
| 12:45 | Research | Castle Age |
| 13:52 | Build | House |
| 13:54 | Build | House |
| 13:56 | Build | House |
| 13:58 | Build | House |
| 14:00 | Build | House |
| 14:08 | Research | Double-Bit Axe |
| 14:14 | Research | Forging |
| 14:20 | Research | Horse Collar |
| 14:24 | Queue | Villager (Male) |
| 14:24 | Queue | Villager (Male) |
| 15:10 | Age | Castle Age |
| 15:13 | Build | Town Center |
| 15:17 | Build | Town Center |
| 15:31 | Queue | Villager (Male) |
| 15:43 | Queue | Villager (Male) |
| 15:57 | Build | Monastery |
| 16:07 | Queue | Villager (Male) |
| 16:37 | Queue | Monk |
| 16:47 | Research | Bow Saw |
| 16:49 | Queue | Villager (Male) |
| 16:49 | Queue | Villager (Male) |
| 16:49 | Queue | Villager (Male) |
| 16:57 | Build | Farm |
| 16:58 | Build | Farm |
| 17:01 | Build | Farm |
| 17:03 | Build | Farm |
| 17:07 | Queue | Villager (Male) |
| 17:07 | Queue | Villager (Male) |
| 17:07 | Queue | Villager (Male) |
| 17:15 | Build | Farm |
| 17:20 | Build | Farm |
| 17:23 | Queue | Villager (Male) |
| 17:24 | Queue | Villager (Male) |
| 17:24 | Queue | Villager (Male) |
| 17:39 | Queue | Monk |
| 17:41 | Queue | Villager (Male) |
| 17:41 | Queue | Villager (Male) |
| 17:42 | Queue | Villager (Male) |
| 17:44 | Build | Farm |
| 17:49 | Build | Mill |
| 18:17 | Queue | Villager (Male) |
| 18:17 | Queue | Villager (Male) |
| 18:17 | Queue | Villager (Male) |
| 18:17 | Queue | Villager (Male) |
| 18:23 | Build | Farm |
| 18:24 | Build | Farm |
| 18:27 | Queue | Villager (Male) |
| 18:27 | Queue | Villager (Male) |
| 18:27 | Queue | Villager (Male) |
| 18:39 | Queue | Villager (Male) |
| 18:39 | Queue | Villager (Male) |
| 18:39 | Queue | Villager (Male) |
| 19:02 | Build | Farm |
| 19:08 | Build | Farm |
| 19:10 | Build | Farm |
| 19:12 | Build | Farm |
| 19:15 | Queue | Villager (Male) |
| 19:16 | Queue | Villager (Male) |
| 19:16 | Queue | Villager (Male) |
| 19:16 | Queue | Villager (Male) |
| 19:24 | Build | Town Center |
| 19:31 | Queue | Villager (Male) |
| 19:31 | Queue | Villager (Male) |
| 19:31 | Queue | Villager (Male) |
| 19:50 | Queue | Villager (Male) |
| 19:50 | Queue | Villager (Male) |
| 19:50 | Queue | Villager (Male) |
| 19:59 | Build | Farm |
| 20:05 | Build | Farm |
| 20:08 | Build | Farm |
| 20:15 | Queue | Villager (Male) |
| 20:15 | Queue | Villager (Male) |
| 20:15 | Queue | Villager (Male) |
| 20:29 | Queue | Spearman |
| 20:29 | Queue | Spearman |
| 20:29 | Queue | Spearman |
| 20:29 | Queue | Spearman |
| 20:33 | Queue | Monk |
| 20:46 | Build | Farm |
| 20:49 | Build | Farm |
| 20:55 | Build | Farm |
| 20:58 | Build | Farm |
| 20:59 | Build | Farm |
Build order — 你他妈喝过百事可乐吗
First 150 of 487 actions detected
| 0:06 | Build | House |
| 0:08 | Build | House |
| 0:09 | Queue | Villager (Male) |
| 0:09 | Queue | Villager (Male) |
| 0:10 | Queue | Villager (Male) |
| 0:10 | Queue | Villager (Male) |
| 0:10 | Queue | Villager (Male) |
| 0:10 | Queue | Villager (Male) |
| 1:39 | Queue | Villager (Male) |
| 1:39 | Queue | Villager (Male) |
| 1:39 | Queue | Villager (Male) |
| 1:53 | Queue | Villager (Male) |
| 1:54 | Queue | Villager (Male) |
| 2:02 | Build | Lumber Camp |
| 2:30 | Queue | Villager (Male) |
| 2:30 | Queue | Villager (Male) |
| 2:30 | Queue | Villager (Male) |
| 2:47 | Queue | Villager (Male) |
| 2:47 | Queue | Villager (Male) |
| 2:47 | Queue | Villager (Male) |
| 3:05 | Queue | Villager (Male) |
| 3:05 | Queue | Villager (Male) |
| 3:42 | Queue | Villager (Male) |
| 3:42 | Queue | Villager (Male) |
| 3:42 | Queue | Villager (Male) |
| 3:42 | Queue | Villager (Male) |
| 4:02 | Build | House |
| 4:02 | Build | House |
| 4:35 | Queue | Villager (Male) |
| 4:35 | Queue | Villager (Male) |
| 4:35 | Queue | Villager (Male) |
| 4:52 | Build | Mill |
| 5:01 | Queue | Villager (Male) |
| 5:02 | Queue | Villager (Male) |
| 5:10 | Queue | Villager (Male) |
| 5:10 | Queue | Villager (Male) |
| 5:10 | Queue | Villager (Male) |
| 6:08 | Queue | Villager (Male) |
| 6:08 | Queue | Villager (Male) |
| 6:09 | Queue | Villager (Male) |
| 6:09 | Queue | Villager (Male) |
| 6:36 | Queue | Villager (Male) |
| 7:00 | Build | Farm |
| 7:01 | Build | Farm |
| 7:04 | Build | Farm |
| 7:50 | Queue | Villager (Male) |
| 8:44 | Build | Mining Camp |
| 8:47 | Research | Feudal Age |
| 9:32 | Build | House |
| 9:35 | Build | House |
| 9:44 | Build | House |
| 9:45 | Build | House |
| 10:29 | Queue | Villager (Male) |
| 10:29 | Queue | Villager (Male) |
| 11:05 | Age | Feudal Age |
| 11:08 | Build | Market |
| 11:15 | Build | Blacksmith |
| 11:28 | Research | Double-Bit Axe |
| 11:30 | Research | Horse Collar |
| 12:01 | Research | Castle Age |
| 12:02 | Queue | Villager (Male) |
| 12:03 | Queue | Villager (Male) |
| 12:27 | Research | Wheelbarrow |
| 13:15 | Queue | Villager (Male) |
| 13:15 | Queue | Villager (Male) |
| 13:16 | Queue | Villager (Male) |
| 14:41 | Age | Castle Age |
| 14:44 | Build | Town Center |
| 14:48 | Research | Heavy Plow |
| 14:50 | Research | Bow Saw |
| 15:12 | Build | Town Center |
| 16:06 | Queue | Villager (Male) |
| 16:06 | Queue | Villager (Male) |
| 16:08 | Queue | Villager (Male) |
| 16:17 | Build | Farm |
| 16:18 | Build | Farm |
| 16:19 | Build | Farm |
| 16:20 | Build | Farm |
| 16:29 | Queue | Villager (Male) |
| 16:29 | Queue | Villager (Male) |
| 16:29 | Queue | Villager (Male) |
| 16:30 | Queue | Villager (Male) |
| 16:37 | Build | Farm |
| 16:49 | Build | Farm |
| 16:57 | Build | Farm |
| 16:58 | Queue | Villager (Male) |
| 16:58 | Queue | Villager (Male) |
| 16:58 | Queue | Villager (Male) |
| 17:04 | Build | Farm |
| 17:15 | Build | Farm |
| 17:19 | Build | Farm |
| 17:28 | Build | Farm |
| 17:33 | Queue | Villager (Male) |
| 17:33 | Queue | Villager (Male) |
| 17:34 | Queue | Villager (Male) |
| 17:34 | Queue | Villager (Male) |
| 17:34 | Queue | Villager (Male) |
| 17:40 | Build | Farm |
| 17:40 | Build | Farm |
| 17:41 | Build | Farm |
| 17:41 | Build | Farm |
| 17:41 | Build | Farm |
| 17:48 | Build | Farm |
| 17:50 | Build | Farm |
| 17:51 | Build | Farm |
| 17:54 | Queue | Villager (Male) |
| 17:54 | Queue | Villager (Male) |
| 18:06 | Queue | Villager (Male) |
| 18:07 | Queue | Villager (Male) |
| 18:07 | Queue | Villager (Male) |
| 18:12 | Build | Farm |
| 18:19 | Queue | Villager (Male) |
| 18:19 | Queue | Villager (Male) |
| 18:24 | Build | House |
| 18:26 | Queue | Villager (Male) |
| 18:26 | Queue | Villager (Male) |
| 18:27 | Queue | Villager (Male) |
| 18:34 | Build | Farm |
| 18:37 | Queue | Villager (Male) |
| 18:37 | Queue | Villager (Male) |
| 18:37 | Queue | Villager (Male) |
| 18:42 | Build | Farm |
| 18:46 | Build | Farm |
| 18:47 | Build | Farm |
| 18:50 | Queue | Villager (Male) |
| 18:50 | Queue | Villager (Male) |
| 18:58 | Build | House |
| 19:00 | Queue | Villager (Male) |
| 19:00 | Queue | Villager (Male) |
| 19:00 | Queue | Villager (Male) |
| 19:08 | Build | Farm |
| 19:09 | Queue | Villager (Male) |
| 19:09 | Queue | Villager (Male) |
| 19:09 | Queue | Villager (Male) |
| 19:15 | Queue | Villager (Male) |
| 19:15 | Queue | Villager (Male) |
| 19:15 | Queue | Villager (Male) |
| 19:23 | Build | Farm |
| 19:23 | Build | Farm |
| 19:24 | Build | Farm |
| 19:24 | Build | Farm |
| 19:24 | Build | Farm |
| 19:28 | Queue | Villager (Male) |
| 19:28 | Queue | Villager (Male) |
| 19:36 | Build | House |
| 19:44 | Build | House |
| 19:46 | Build | House |
| 19:48 | Build | House |
| 19:50 | Build | House |
| 19:52 | Queue | Villager (Male) |
Build order — thefrots1314
First 150 of 216 actions detected
| 0:03 | Build | House |
| 0:04 | Build | House |
| 0:05 | Queue | Villager (Male) ×4 |
| 1:45 | Queue | Villager (Male) |
| 1:52 | Build | Lumber Camp |
| 2:12 | Queue | Villager (Male) |
| 2:27 | Queue | Villager (Male) |
| 2:56 | Queue | Villager (Male) |
| 3:17 | Build | House |
| 3:19 | Build | House |
| 3:28 | Build | House |
| 3:35 | Queue | Villager (Male) |
| 4:15 | Queue | Villager (Male) ×2 |
| 4:44 | Queue | Villager (Male) |
| 5:26 | Queue | Villager (Male) |
| 5:49 | Queue | Villager (Male) ×2 |
| 5:58 | Queue | Villager (Male) |
| 6:52 | Build | Mill |
| 7:08 | Queue | Villager (Male) |
| 7:36 | Queue | Villager (Male) ×4 |
| 8:33 | Queue | Villager (Male) |
| 8:55 | Build | Mining Camp |
| 9:47 | Research | Loom |
| 10:11 | Research | Feudal Age |
| 10:39 | Build | House |
| 10:40 | Build | House |
| 10:42 | Build | House |
| 10:44 | Build | House |
| 10:45 | Build | House |
| 10:47 | Build | House |
| 10:48 | Build | House |
| 10:50 | Build | House |
| 10:51 | Build | House |
| 10:52 | Build | House |
| 11:25 | Build | Lumber Camp |
| 12:22 | Age | Feudal Age |
| 12:24 | Build | Blacksmith |
| 12:29 | Build | Market |
| 12:34 | Queue | Villager (Male) ×5 |
| 12:37 | Research | Double-Bit Axe |
| 12:48 | Research | Horse Collar |
| 13:03 | Build | Farm |
| 13:26 | Build | Farm |
| 13:51 | Build | Farm |
| 14:24 | Build | Farm |
| 14:27 | Build | Farm |
| 14:37 | Build | Farm |
| 14:38 | Build | Farm |
| 14:41 | Queue | Villager (Male) |
| 14:42 | Queue | Villager (Male) |
| 15:00 | Build | Farm |
| 15:05 | Queue | Villager (Male) |
| 15:05 | Queue | Villager (Male) |
| 15:24 | Build | Mining Camp |
| 15:54 | Research | Stone Mining |
| 16:40 | Research | Castle Age |
| 17:16 | Build | Farm |
| 17:17 | Build | Farm |
| 17:17 | Build | Farm |
| 17:19 | Build | Farm |
| 17:19 | Build | Farm |
| 17:44 | Build | Outpost |
| 17:52 | Research | Town Watch |
| 18:16 | Build | Outpost |
| 18:25 | Build | Outpost |
| 19:20 | Age | Castle Age |
| 19:22 | Build | Town Center |
| 19:29 | Build | University |
| 19:38 | Research | Bow Saw |
| 19:52 | Research | Wheelbarrow |
| 20:29 | Build | Town Center |
| 20:45 | Queue | Villager (Male) ×5 |
| 20:48 | Research | Stone Shaft Mining |
| 20:53 | Queue | Villager (Male) ×4 |
| 21:39 | Research | Treadmill Crane |
| 21:47 | Build | Farm |
| 21:51 | Queue | Villager (Male) ×4 |
| 21:58 | Queue | Villager (Male) |
| 22:09 | Build | Farm |
| 22:16 | Queue | Villager (Male) |
| 22:34 | Research | Heavy Plow |
| 22:47 | Queue | Villager (Male) |
| 22:56 | Build | Farm |
| 23:03 | Queue | Villager (Male) |
| 23:04 | Queue | Villager (Male) |
| 23:15 | Build | Farm |
| 23:15 | Build | Farm |
| 23:15 | Build | Farm |
| 23:16 | Build | Farm |
| 23:18 | Build | Farm |
| 23:25 | Build | Farm |
| 23:28 | Queue | Villager (Male) |
| 23:29 | Queue | Villager (Male) |
| 23:33 | Build | Farm |
| 23:38 | Queue | Villager (Male) |
| 23:38 | Queue | Villager (Male) |
| 23:45 | Build | Farm |
| 23:59 | Queue | Villager (Male) |
| 24:03 | Queue | Villager (Male) |
| 24:09 | Build | Town Center |
| 24:15 | Build | Mill |
| 24:16 | Build | Farm |
| 24:18 | Build | Farm |
| 24:19 | Build | Farm |
| 24:20 | Build | Farm |
| 24:28 | Queue | Villager (Male) |
| 24:28 | Queue | Villager (Male) |
| 24:30 | Queue | Villager (Male) |
| 24:34 | Queue | Villager (Male) |
| 24:34 | Queue | Villager (Male) |
| 24:35 | Queue | Villager (Male) |
| 24:45 | Queue | Villager (Male) |
| 24:45 | Queue | Villager (Male) |
| 25:20 | Research | Hand Cart |
| 25:22 | Queue | Villager (Male) ×2 |
| 25:27 | Build | Farm |
| 25:27 | Build | Farm |
| 25:27 | Build | Farm |
| 25:27 | Build | Farm |
| 25:28 | Build | Farm |
| 25:29 | Build | Farm |
| 25:31 | Queue | Villager (Male) |
| 25:38 | Queue | Villager (Male) |
| 25:38 | Queue | Villager (Male) |
| 25:46 | Queue | Villager (Male) |
| 25:46 | Queue | Villager (Male) |
| 25:46 | Queue | Villager (Male) |
| 26:10 | Queue | Villager (Male) |
| 26:15 | Queue | Villager (Male) |
| 26:15 | Queue | Villager (Male) |
| 26:22 | Queue | Villager (Male) |
| 26:22 | Queue | Villager (Male) |
| 26:28 | Build | Mill |
| 26:29 | Build | Farm |
| 26:29 | Build | Farm |
| 26:30 | Build | Farm |
| 26:30 | Build | Farm |
| 26:30 | Build | Farm |
| 26:31 | Build | Farm |
| 26:52 | Queue | Villager (Male) ×5 |
| 27:05 | Queue | Villager (Male) ×5 |
| 27:12 | Research | Gold Mining |
| 27:19 | Queue | Villager (Male) |
| 27:19 | Queue | Villager (Male) |
| 27:53 | Build | Castle |
| 28:02 | Queue | Villager (Male) |
| 28:02 | Queue | Villager (Male) |
| 28:04 | Queue | Villager (Male) |
| 28:04 | Queue | Villager (Male) |
| 28:06 | Build | Farm |
Match timeline
| 8:39 | Wajardo · first_building Barracks |
| 8:45 | Wajardo · age_up feudal |
| 9:36 | Wajardo · first_building Stable |
| 9:43 | Yaki_Sama · age_up feudal |
| 10:07 | 杀手皇后 · age_up feudal |
| 11:01 | 杀手皇后 · first_market_sell 100 wood |
| 11:05 | 你他妈喝过百事可乐吗 · age_up feudal |
| 11:06 | ragnksaefh · first_building Barracks |
| 11:17 | sada-aki · age_up feudal |
| 11:24 | ragnksaefh · age_up feudal |
| 11:52 | ragnksaefh · first_building Stable |
| 12:22 | thefrots1314 · age_up feudal |
| 12:25 | Hanzani · age_up feudal |
| 13:29 | Yaki_Sama · first_market_sell 500 wood |
| 13:29 | Yaki_Sama · first_market_buy 100 food |
| 13:42 | 杀手皇后 · age_up castle |
| 14:28 | Hanzani · first_building Barracks |
| 14:41 | 你他妈喝过百事可乐吗 · age_up castle |
| 15:10 | ragnksaefh · age_up castle |
| 15:28 | Yaki_Sama · age_up castle |
| 15:32 | Hanzani · first_building Stable |
| 15:36 | thefrots1314 · tribute_sent a jugador 1 |
| 15:36 | thefrots1314 · tribute_sent a jugador 2 |
| 15:36 | thefrots1314 · tribute_sent a jugador 3 |
| 15:36 | thefrots1314 · tribute_sent a jugador 4 |
| 15:36 | thefrots1314 · tribute_sent a jugador 5 |
| 15:36 | thefrots1314 · tribute_sent a jugador 6 |
| 15:36 | thefrots1314 · tribute_sent a jugador 8 |
| 15:37 | sada-aki · age_up castle |
| 15:50 | Yaki_Sama · first_building Castle |
| 15:57 | ragnksaefh · first_building Monastery |
| 16:23 | sada-aki · first_building Barracks |
| 16:23 | Yaki_Sama · wall_segment Stone Wall x1 |
| 16:24 | thefrots1314 · first_market_buy 100 food |
| 16:25 | Yaki_Sama · wall_segment Palisade Wall x1 |
| 16:25 | thefrots1314 · first_market_sell 100 wood |
| 16:27 | Yaki_Sama · wall_segment Palisade Wall x1 |
| 17:10 | Hanzani · age_up castle |
| 17:32 | 你他妈喝过百事可乐吗 · first_market_buy 100 food |
| 17:36 | Hanzani · first_building Castle |
| 19:20 | thefrots1314 · age_up castle |
| 20:45 | Wajardo · age_up castle |
| 21:48 | 杀手皇后 · first_building Monastery |
| 23:13 | 你他妈喝过百事可乐吗 · first_building Siege Workshop |
| 23:30 | 杀手皇后 · first_building Barracks |
| 23:55 | Yaki_Sama · first_building Barracks |
| 24:26 | sada-aki · first_building Archery Range |
| 24:34 | 杀手皇后 · first_building Archery Range |
| 24:37 | Hanzani · first_market_sell 100 stone |
| 24:51 | 杀手皇后 · first_building Castle |
| 25:02 | ragnksaefh · first_building Castle |
| 25:18 | 你他妈喝过百事可乐吗 · first_building Barracks |
| 27:16 | 你他妈喝过百事可乐吗 · first_building Castle |
| 27:29 | sada-aki · first_building Monastery |
| 27:43 | Yaki_Sama · first_building Stable |
| 27:53 | thefrots1314 · first_building Castle |
| 27:59 | ragnksaefh · first_market_sell 100 food |
| 28:22 | sada-aki · first_market_sell 100 wood |
| 28:28 | 杀手皇后 · age_up imperial |
| 28:59 | 你他妈喝过百事可乐吗 · first_building Stable |
| 29:10 | sada-aki · first_building Castle |
| 29:20 | ragnksaefh · first_building Archery Range |
| 29:39 | 杀手皇后 · first_building Siege Workshop |
| 30:36 | 你他妈喝过百事可乐吗 · age_up imperial |
| 30:47 | ragnksaefh · age_up imperial |
| 31:34 | sada-aki · age_up imperial |
| 32:43 | thefrots1314 · first_building Barracks |
| 32:47 | Yaki_Sama · age_up imperial |
| 32:57 | ragnksaefh · first_building Siege Workshop |
| 33:29 | Wajardo · first_building Castle |
| 34:38 | thefrots1314 · age_up imperial |
| 36:23 | Yaki_Sama · first_building Archery Range |
| 37:27 | Hanzani · first_market_buy 100 food |
| 37:40 | Hanzani · resign |
[ AI ANALYSIS · 1 CREDIT ]
What really happened in this match?
Wolo.gg analyzes every decision: build order, eco, micro, common mistakes by bracket. Personalized analysis on WhatsApp or Discord in 30 seconds.
Civ guide
Italians
Perfil
Jugador #18357907